 Dungeon Crawl Stone Soup version 0.27.1-35-g4d5d836560 (webtiles) character file.

Game seed: 16718951951388184603

61 Froggeryz the Cutter (level 4, 0/46 HPs)
             Began as an Octopode Berserker on Apr 26, 2022.
             Was a Believer of Trog.
             Slain by a gnoll (5 damage)
             ... on level 2 of the Dungeon.
             The game lasted 00:01:05 (1174 turns).

Froggeryz the Cutter (Octopode Berserker)           Turns: 1174, Time: 00:01:06

Health: 0/46       AC:  1    Str: 16    XL:     4   Next: 7%
Magic:  4/4        EV: 13    Int:  9    God:    Trog [**....]
Gold:   15         SH:  0    Dex: 12    Spells: 3/3 levels left

rFire    . . .     SeeInvis .   a - +0 short sword
rCold    . . .     Faith    .   (no shield)
rNeg     . . .     Spirit   .   (helmet restricted)
rPois    .         Reflect  .   (no amulet)
rElec    .         Harm     .   (no ring)
rCorr    .         Rampage  .   (no ring)
Will     ++...                  (no ring)
Stlth    ..........             (no ring)
HPRegen  1.15/turn              (no ring)
MPRegen  0.09/turn              (no ring)
                                (no ring)
                                (no ring)

@: berserking, strong-willed, regenerating, very quick
A: almost no armour, amphibious, 8 rings, camouflage 1, gelatinous body 1,
(nimble swimmer 1), tentacles
a: Renounce Religion, Berserk, Trog's Hand


You were on level 2 of the Dungeon.
You worshipped Trog.
Trog was pleased with you.
You visited 1 branch of the dungeon, and saw 2 of its levels.

You collected 15 gold pieces.

Inventory:

Hand Weapons
 a - a +0 short sword (weapon)
Armour
 g - a +0 buckler
Scrolls
 b - a scroll of magic mapping {unknown}
 h - a scroll of fog {unknown}
Potions
 c - 3 potions of ambrosia {unknown}
 d - 3 potions of curing {unknown}
 e - a potion of berserk rage {unknown}
 f - a potion of mutation {unknown}
 i - a potion of heal wounds {unknown}


   Skills:
 - Level 3.0 Fighting
 * Level 4.3 Short Blades
 - Level 3.0 Dodging
 - Level 2.3 Stealth
 + Level 0.6 Shields


You had 3 spell levels left.
You didn't know any spells.
Your spell library was empty.

Dungeon Overview and Level Annotations

Branches:
Dungeon (2/15)

Altars:
Sif Muna


Innate Abilities, Weirdness & Mutations

You cannot wear most types of armour.
You are amphibious.
You can wear up to eight rings at the same time.
Your skin changes colour to match your surroundings (Stealth+).
Your rubbery body absorbs attacks. (AC +1, EV +1)
((You are camouflaged near water. (Stealth+)))
You have tentacles for arms and can constrict up to eight enemies at once.


Message History

The giant cockroach bites you.
The gnoll hits you from afar with a +0 spear!
You hit the giant cockroach but do no damage.
Your grab misses the giant cockroach. You squeeze the giant cockroach.
You kill the giant cockroach!
Trog accepts your kill.
The gnoll hits you from afar with a +0 spear.
An adder comes into view.
The adder hisses angrily.
Your skin crawls.
You feel strong-willed. The gnoll barely misses you. The adder misses you.
You barely miss the adder. Your grab misses the adder.
Your squeeze misses the adder. The adder bites you.
The gnoll closely misses you.
A red film seems to cover your vision as you go berserk!
You feel yourself moving faster!
You feel mighty! The adder bites you.
The gnoll hits you from afar with a +0 spear.
The ball python barely misses you. x2; The adder completely misses you.
You barely miss the adder. Your grab misses the adder.
The gnoll hits you from afar with a +0 spear!
You puncture the adder! Your grab misses the adder.
The adder is severely wounded.
The adder misses you. The ball python bites you.
* * * LOW HITPOINT WARNING * * *
The ball python closely misses you.
You barely miss the ball python. You grab the ball python.
You squeeze the ball python.
You kill the ball python!
Trog accepts your kill. The adder barely misses you.
The gnoll hits you from afar with a +0 spear.
* * * LOW HITPOINT WARNING * * *
You miss the adder. You grab the adder.
The adder is severely wounded.
You constrict the adder, but do no damage.
The adder bites you.
* * * LOW HITPOINT WARNING * * *
The gnoll hits you from afar with a +0 spear.
You die...

#.........# ### ## #.#
###.#...... ..##. #.#
#.#.#... .J... ##'##
####.#.# . 8..8 #....
#......# #.J# #....
#......# #..# #....
#......# #.#######.g#
#######.## #......#
#.....S.#.S# #..(. #.##
#......# ###.#.#@#..#
#.....#.## #......#
.)......##'####.....#.##
.....#.#
###.#.#.g...........'.##
.#.#...#
#.#..#.####.....#'##
.#.#####.## # #..#..#
#####..... ...........
....##'## #.....
#...####... ####.#...#
#..... #...# ..#...#
#..... #[<.# #+####...#
###'##


You could see a gnoll and an adder.

Vanquished Creatures
  A gnoll (D:2)
  2 dart slugs (D:1)
  6 ball pythons
  4 endoplasms
  3 giant cockroaches
  8 goblins
  5 hobgoblins
  4 kobolds
  A quokka (D:2)
  4 bats
  3 frilled lizards (D:1)
  2 rats
43 creatures vanquished.

Notes
Turn   | Place    | Note
-------+----------+-------------------------------------------
     0 | D:1      | Froggeryz the Octopode Berserker began the quest for the
                  | Orb.
     0 | D:1      | Reached XP level 1. HP: 16/16 MP: 1/1
   163 | D:1      | Found a faded altar of an unknown god.
   169 | D:1      | Reached skill level 1 in Stealth
   171 | D:1      | Reached XP level 2. HP: 19/21 MP: 2/2
   716 | D:1      | Reached XP level 3. HP: 26/26 MP: 3/3
   882 | D:2      | Reached ** piety under Trog
   909 | D:2      | Reached skill level 4 in Short Blades
   980 | D:2      | Found a shimmering blue altar of Sif Muna.
  1158 | D:2      | Reached XP level 4. HP: 31/31 MP: 4/4
  1174 | D:2      | Slain by a gnoll

Illustrated notes

Levels and vault maps discovered:
D:1:      evilmike_arrival_crescent, layout_rooms,
          hellmonk_ecumenical_altar_zigzags
D:2:      minmay_chambers_of_twos, layout_basic, basic_altar

Skill      XL: |  1  2  3 |
---------------+----------+-----
Stealth        | 1 2 |  2.3
Short Blades   | 4 |  4.3
Fighting       | |  3.0
Dodging        | |  3.0
Shields        | |  0.6

Action                   |  1- 3 |  4- 6 || total
-------------------------+-------+-------++-------
Melee: Short sword       |    67 |     9 ||    76
       Constrict         |    20 |     3 ||    23
       Tentacles         |    11 |     2 ||    13
       Dagger            |     4 |       ||     4
Invok: Berserk           |       |     1 ||     1
       Trog's Hand       |       |     1 ||     1
 Stab: Sleeping          |     7 |       ||     7
       Distracted        |     1 |       ||     1
Armor: Skin              |     5 |     1 ||     6
Dodge: Dodged            |    32 |     9 ||    41
